[Event "IIFL Wealth  4th Mumbai Junior U-13"]
[Site "Mumbai"]
[Date "2018.12.31"]
[Round "2"]
[White "Virle Kimaya"]
[Black "Aditya Varun Gampa"]
[Result "0-1"]
[ECO "E32"]
[WhiteElo "1391"]
[BlackElo "1809"]
[Annotator "NA RC"]
[PlyCount "58"]
[EventDate "2018.12.30"]
[EventType "swiss"]
[EventCountry "IND"]
[SourceTitle "playchess.com"]
[Source "ChessBase"]
[SourceQuality "1"]
[TimeControl "40/5400+30:1800+30"]

1. d4 Nf6 2. c4 e6 3. Nc3 Bb4 4. Qc2 O-O 5. a3 Bxc3+ $1 6. Qxc3 {[%emt 0:00:12] LiveBook: 8011 Games} Ne4 {[%emt 0:04:01] E32: Nimzo-Indian: Classical (4 Qc2): 4...0-0} (6... d5 7. Bg5 dxc4 8. Qxc4 b6 9. Rd1 Ba6 10. Qc2 Nbd7 11. e4 Bxf1 12. Kxf1 Qc8 13. Ne2 h6 14. Bxf6 Nxf6 15. f3 {½-½ (31) So,W (2780)-Nakamura,H (2777) Saint Louis 2018}) 7. Qf3 f5 8. Qd3 $146 ({Predecessor:} 8. Bf4 b6 9. e3 Bb7 10. Nh3 d5 11. c5 bxc5 12. dxc5 Nxc5 13. b4 Ne4 14. Rc1 {1-0 (22) Kubieziel,J-Steiner,K DESC email 2003}) 8... b6 9. Bd2 Bb7 10. h4 c5 11. Bf4 (11. dxc5 $17 Qf6 12. Qc2) 11... cxd4 12. Qxd4 Nc6 13. Qd3 Qf6 14. Rb1 d5 (14... e5 $19 15. Qd5+ Qf7 16. Qxf7+ Rxf7) 15. cxd5 Rad8 16. dxc6 Rxd3 17. exd3 Bxc6 18. dxe4 Bxe4 19. Rc1 Qxb2 20. f3 $2 (20. Rh3 $1 $14) 20... e5 21. fxe4 exf4 22. Rd1 Qc3+ 23. Rd2 Rd8 24. Nf3 fxe4 $19 25. Kd1 Qa1+ 26. Kc2 Rc8+ 27. Kb3 Rc3+ 28. Kb4 Qxa3+ 29. Kb5 Qa5# 0-1

[Event "IIFL Wealth  4th Mumbai Junior U-13"]
[Site "Mumbai"]
[Date "2018.12.31"]
[Round "2"]
[White "Agarwal Mukund H"]
[Black "Ayush Sharma"]
[Result "0-1"]
[ECO "C02"]
[WhiteElo "1375"]
[BlackElo "1778"]
[Annotator "NA RC"]
[PlyCount "98"]
[EventDate "2018.12.30"]
[EventType "swiss"]
[EventCountry "IND"]
[SourceTitle "playchess.com"]
[Source "ChessBase"]
[SourceQuality "1"]
[TimeControl "40/5400+30:1800+30"]

1. e4 e6 2. d4 d5 3. e5 c5 4. c3 Nc6 5. Be3 Bd7 6. Nf3 Nge7 7. Be2 Nf5 8. O-O Be7 9. Na3 cxd4 10. cxd4 Qb6 11. Rb1 f6 12. exf6 Bxf6 13. Nc2 O-O 14. Bd3 Nxe3 15. fxe3 Rae8 16. Kh1 g6 17. e4 Nxd4 18. Ncxd4 Bxd4 19. exd5 exd5 20. Bxg6 hxg6 21. Qxd4 Qxd4 22. Nxd4 Rxf1+ 23. Rxf1 Re4 24. Nb3 Re2 25. Nc5 Bc6 26. Kg1 Rxb2 27. Rf2 Rb1+ 28. Rf1 Rxf1+ 29. Kxf1 d4 30. g3 Kf7 31. Ke2 Kf6 32. Kd3 Ke5 33. Nb3 Bb5+ 34. Kd2 Bc4 35. Na5 Bd5 36. h4 b6 37. Nb3 Bxb3 38. axb3 Kf5 39. Kd3 Kg4 40. Kxd4 Kxg3 41. b4 Kxh4 42. b5 g5 43. Kd5 g4 44. Ke6 g3 45. Kf7 g2 46. Kg7 Kg5 47. Kh8 Kf6 48. Kh7 g1=Q 49. Kh8 Qg7# 0-1

[Event "IIFL Wealth  4th Mumbai Junior U-13"]
[Site "Mumbai"]
[Date "2018.12.31"]
[Round "2"]
[White "Adreeja Sinha"]
[Black "Bagwe Gaurang"]
[Result "0-1"]
[ECO "B76"]
[WhiteElo "1366"]
[BlackElo "1768"]
[Annotator "NA RC"]
[PlyCount "66"]
[EventDate "2018.12.30"]
[EventType "swiss"]
[EventCountry "IND"]
[SourceTitle "playchess.com"]
[Source "ChessBase"]
[SourceQuality "1"]
[TimeControl "40/5400+30:1800+30"]

1. e4 c5 2. Nf3 d6 3. d4 cxd4 4. Nxd4 Nf6 5. Nc3 g6 6. Be3 Bg7 7. f3 O-O 8. Qd2 Nc6 9. O-O-O Nxd4 10. Bxd4 Be6 11. Kb1 Rc8 12. g4 Bc4 13. h4 Bxf1 14. Rdxf1 Rc4 15. Qd3 Rc6 16. h5 e6 17. Qd2 Rc4 18. Be3 Qe7 19. Bg5 Rfc8 20. Rd1 Rb4 21. Nd5 Nxd5 22. Bxe7 Rxb2+ 23. Kc1 Nb4 24. Rdf1 Rcxc2+ 25. Qxc2 Rxc2+ 26. Kd1 Rxa2 27. Bg5 Nd3 28. Be3 b5 29. hxg6 fxg6 30. f4 b4 31. f5 exf5 32. gxf5 b3 33. f6 Ra1+ 0-1

[Event "IIFL Wealth  4th Mumbai Junior U-13"]
[Site "Mumbai"]
[Date "2018.12.31"]
[Round "2"]
[White "Shreyas Seshadri Nallore"]
[Black "Bhagyashree Patil"]
[Result "0-1"]
[ECO "C45"]
[WhiteElo "1343"]
[BlackElo "1758"]
[Annotator "NA RC"]
[PlyCount "90"]
[EventDate "2018.12.30"]
[EventType "swiss"]
[EventCountry "IND"]
[SourceTitle "playchess.com"]
[Source "ChessBase"]
[SourceQuality "1"]
[TimeControl "40/5400+30:1800+30"]

1. e4 e5 2. Nf3 Nc6 3. d4 exd4 4. Nxd4 Bc5 5. Be3 Bb6 6. Bc4 d6 7. Nc3 Nge7 8. O-O O-O 9. f4 Na5 10. Be2 f5 11. exf5 Nxf5 12. Nxf5 Bxf5 13. Bxb6 axb6 14. Bd3 Qf6 15. Bxf5 Qxf5 16. b3 Qc5+ 17. Kh1 Qxc3 18. Qd5+ Kh8 19. Rac1 Nc6 20. a4 Rae8 21. Qh5 Re6 22. f5 Rh6 23. Qg4 Qd4 24. Qe2 Qe5 25. Qxe5 Nxe5 26. h3 Rhf6 27. g4 g6 28. Rf4 Kg7 29. Rcf1 gxf5 30. g5 R6f7 31. h4 Ng6 32. Rc4 f4 33. h5 Ne5 34. Rc3 f3 35. Kh2 c6 36. Kg3 Rf4 37. Kh3 R8f5 38. h6+ Kg6 39. Rd1 d5 40. Rg1 f2 41. Rf1 Rxg5 42. Re3 Nf3 43. Rxf3 Rxf3+ 44. Kh2 Rf4 45. Rxf2 Rh4# 0-1

[Event "IIFL Wealth  4th Mumbai Junior U-13"]
[Site "Mumbai"]
[Date "2018.12.31"]
[Round "2"]
[White "Tikam Aradhya"]
[Black "Sadbhav Rautela"]
[Result "1/2-1/2"]
[ECO "B22"]
[WhiteElo "1332"]
[BlackElo "1746"]
[Annotator "NA"]
[PlyCount "125"]
[EventDate "2018.12.30"]
[EventType "swiss"]
[EventCountry "IND"]
[SourceTitle "playchess.com"]
[Source "ChessBase"]
[SourceQuality "1"]
[TimeControl "40/5400+30:1800+30"]

1. e4 c5 2. c3 d5 3. exd5 Nf6 4. d4 cxd4 5. cxd4 Nxd5 6. Nf3 Nc6 7. Nc3 Bg4 8. Be2 e6 9. h3 Bh5 10. O-O Be7 11. Ne5 Bxe2 12. Nxe2 Rc8 13. Nxc6 Rxc6 14. Be3 O-O 15. Nf4 Nxf4 16. Bxf4 Bd6 17. Be3 Bb8 18. Rc1 Rd6 19. Qf3 Qd7 20. Rfd1 a6 21. Rd2 Ba7 22. Rdc2 Bb6 23. b3 h6 24. Qg3 Kh7 25. Qf3 Rd5 26. Rc4 Qe7 27. Bf4 Qf6 28. Qe4+ Qg6 29. Qxg6+ Kxg6 30. Be3 Rfd8 31. Rb4 Rb5 32. Rcc4 Rdd5 33. a4 Rxb4 34. Rxb4 Rd6 35. Kf1 a5 36. Rb5 Bxd4 37. Bxd4 Rxd4 38. Rxb7 Rd5 39. Ke2 Kf6 40. b4 axb4 41. Rxb4 Rd7 42. a5 Ra7 43. Ra4 Ke5 44. Ke3 g5 45. g4 f5 46. a6 Kd5 47. Ra5+ Kc4 48. gxf5 exf5 49. Rxf5 Rxa6 50. Kf3 Kd3 51. Kg4 Ra4+ 52. Kg3 Ra6 53. f3 Ke3 54. Re5+ Kd4 55. Rf5 Rg6 56. Kg4 Re6 57. Rf8 Ke3 58. Rh8 Rf6 59. Re8+ Kf2 60. Rh8 Kg2 61. Kh5 Rxf3 62. Rxh6 Rxh3+ 63. Kxg5 1/2-1/2

[Event "IIFL Wealth  4th Mumbai Junior U-13"]
[Site "Mumbai"]
[Date "2018.12.31"]
[Round "2"]
[White "Jain, Kushagra"]
[Black "Mayank Chakraborty"]
[Result "1-0"]
[ECO "B23"]
[WhiteElo "1323"]
[BlackElo "1691"]
[Annotator "NA RC"]
[PlyCount "112"]
[EventDate "2018.12.30"]
[EventType "swiss"]
[EventCountry "IND"]
[SourceTitle "playchess.com"]
[Source "ChessBase"]
[SourceQuality "1"]
[TimeControl "40/5400+30:1800+30"]

1. e4 c5 2. Nc3 d6 3. f4 g6 4. Nf3 Bg7 5. Bc4 Nc6 6. O-O Nf6 7. d3 O-O 8. Qe1 Nd4 9. Nxd4 cxd4 10. Ne2 d5 11. exd5 Nxd5 12. Qg3 e6 13. Bd2 b6 14. Rae1 Bb7 15. Qh3 Rc8 16. Bb3 b5 17. g4 a5 18. a4 Bc6 19. axb5 Bxb5 20. Rc1 a4 21. Ba2 Qd6 22. Ng3 Ne3 23. Ne4 Qe7 24. Rf3 Nxc2 25. f5 exf5 26. gxf5 Bd7 27. Bh6 Qe5 28. Bxg7 Kxg7 29. f6+ Qxf6 30. Qxh7+ Kxh7 31. Nxf6+ Kg7 32. Nxd7 Rfe8 33. Rxf7+ Kh6 34. Rf2 Nb4 35. Rxc8 Rxc8 36. Bc4 Re8 37. Kf1 Re3 38. Nc5 Nc6 39. Nxa4 Ne5 40. Nc5 Ng4 41. Rg2 Ne5 42. Re2 Nf3 43. Rxe3 Nxh2+ 44. Ke2 dxe3 45. Kxe3 Kg5 46. b4 Nf1+ 47. Kf2 Nd2 48. Ne4+ Nxe4+ 49. dxe4 Kf4 50. Bd5 g5 51. b5 Ke5 52. b6 Kd6 53. b7 Kc7 54. e5 g4 55. e6 g3+ 56. Kxg3 Kd8 1-0

[Event "IIFL Wealth  4th Mumbai Junior U-13"]
[Site "Mumbai"]
[Date "2018.12.31"]
[Round "2"]
[White "Mitank Maru"]
[Black "Shreyas Ghadi"]
[Result "0-1"]
[ECO "D35"]
[WhiteElo "1312"]
[BlackElo "1653"]
[Annotator "NA"]
[PlyCount "152"]
[EventDate "2018.12.30"]
[EventType "swiss"]
[EventCountry "IND"]
[SourceTitle "playchess.com"]
[Source "ChessBase"]
[SourceQuality "1"]
[TimeControl "40/5400+30:1800+30"]

1. c4 e6 2. Nc3 d5 3. d4 Nf6 4. cxd5 exd5 5. Bg5 Be7 6. e3 O-O 7. Bd3 c6 8. Nf3 Nbd7 9. Qc2 h6 10. Bh4 Re8 11. O-O Qc7 12. Rac1 a6 13. Bf5 Nb6 14. Bg3 Bxf5 15. Qxf5 Qd7 16. Qd3 Qe6 17. Ne5 Nfd7 18. f4 Nxe5 19. dxe5 f5 20. Ne2 c5 21. a3 Rac8 22. Rfd1 Red8 23. Be1 Nc4 24. Bc3 b5 25. Ra1 Qf7 26. b3 Nxa3 27. Ba5 c4 28. Qd2 Re8 29. b4 c3 30. Nxc3 Nc4 31. Qxd5 Nxe3 32. Qxf7+ Kxf7 33. Rdc1 Rc4 34. Kf2 Ng4+ 35. Kg3 g5 36. Nd5 gxf4+ 37. Nxf4 Nxe5 38. Rxc4 Nxc4 39. Nd5 Bd6+ 40. Kf2 Nd2 41. Rd1 Ne4+ 42. Kf3 Rc8 43. Bb6 Rc2 44. Be3 Ng5+ 45. Bxg5 hxg5 46. h3 Rc4 47. Ne3 Rf4+ 48. Ke2 Bxb4 49. g3 Re4 50. Kf3 Ke6 51. Rd8 Re5 52. Re8+ Kf6 53. Ra8 a5 54. g4 f4 55. Nf5 a4 56. Rd8 a3 57. Rd1 Re1 58. Rxe1 Bxe1 59. Nd4 a2 60. Nc2 Bc3 61. Ke4 b4 62. Kd3 a1=Q 63. Nxa1 Bxa1 64. Kc4 Bc3 65. Kd3 Ke5 66. Kc2 f3 67. Kd3 Kf4 68. Kc2 f2 69. Kb3 f1=Q 70. Ka4 Qc4 71. Ka5 b3+ 72. Kb6 b2 73. Ka7 Qb5 74. Ka8 b1=B 75. Ka7 Bd4+ 76. Ka8 Be4# 0-1

[Event "IIFL Wealth  4th Mumbai Junior U-13"]
[Site "Mumbai"]
[Date "2018.12.31"]
[Round "2"]
[White "Wahba, David George"]
[Black "Makwana Devam"]
[Result "0-1"]
[ECO "B83"]
[WhiteElo "1295"]
[BlackElo "1617"]
[Annotator "NA RC"]
[PlyCount "70"]
[EventDate "2018.12.30"]
[EventType "swiss"]
[EventCountry "IND"]
[SourceTitle "playchess.com"]
[Source "ChessBase"]
[SourceQuality "1"]
[TimeControl "40/5400+30:1800+30"]

1. e4 c5 2. Nf3 d6 3. d4 cxd4 4. Nxd4 Nf6 5. Nc3 Nc6 6. Be2 e6 7. O-O Be7 8. Be3 a6 9. Qd2 Qc7 10. Rad1 O-O 11. Rfe1 b5 12. a3 Bb7 13. f3 Rac8 14. b3 Nxd4 15. Bxd4 e5 16. Bxe5 dxe5 17. Nb1 Qc5+ 18. Kh1 Bxe4 19. b4 Qa7 20. Bxb5 Rxc2 21. Qe3 Qxe3 22. Rxe3 axb5 23. fxe4 Ng4 24. Rg3 Nf2+ 25. Kg1 Nxd1 26. Rd3 Rc1 27. Rb3 Rd8 28. h3 Nb2+ 29. Kf2 Rxb1 30. Ke3 Nc4+ 31. Kf2 Rxb3 32. a4 Rd2+ 33. Kg1 Bh4 34. a5 Rd1+ 35. Kh2 Bg3# {Kg1} 0-1

[Event "IIFL Wealth  4th Mumbai Junior U-13"]
[Site "Mumbai"]
[Date "2018.12.31"]
[Round "2"]
[White "Srivatsan Karthikeyan"]
[Black "Kadam Rishi R"]
[Result "0-1"]
[ECO "C54"]
[WhiteElo "1288"]
[BlackElo "1604"]
[Annotator "NA RC"]
[PlyCount "92"]
[EventDate "2018.12.30"]
[EventType "swiss"]
[EventCountry "IND"]
[SourceTitle "playchess.com"]
[Source "ChessBase"]
[SourceQuality "1"]
[TimeControl "40/5400+30:1800+30"]

1. e4 e5 2. Nf3 Nc6 3. Bc4 Bc5 4. c3 Nf6 5. d4 exd4 6. cxd4 Bb4+ 7. Bd2 Bxd2+ 8. Nbxd2 d5 9. exd5 Nxd5 10. Qb3 Nce7 11. O-O O-O 12. Rfe1 c6 13. Ne5 Qb6 14. Qxb6 axb6 15. Bb3 Be6 16. Ne4 h6 17. Nc3 Rfd8 18. a4 Nc7 19. Bxe6 Nxe6 20. Nf3 Nf5 21. d5 cxd5 22. Re5 Ne7 23. Rd1 Kf8 24. Nxd5 Rxa4 25. Nc3 Rxd1+ 26. Nxd1 Ra1 27. Re1 Nd5 28. Nc3 Rxe1+ 29. Nxe1 Nxc3 30. bxc3 Nf4 31. c4 Ke7 32. Nc2 Kd6 33. Ne3 Kc5 34. Kf1 Nd3 35. Nf5 Ne5 36. Nxg7 Nxc4 37. Ke2 b5 38. f4 b4 39. g4 b3 40. Kd3 b2 41. Kc2 Kb4 42. Nf5 Ka3 43. Ne3 Nxe3+ 44. Kb1 Kb3 45. g5 Nf1 46. gxh6 Nd2# 0-1

[Event "IIFL Wealth  4th Mumbai Junior U-13"]
[Site "Mumbai"]
[Date "2018.12.31"]
[Round "2"]
[White "Tawade Arnav"]
[Black "Ambre Ved"]
[Result "1/2-1/2"]
[ECO "E32"]
[WhiteElo "1285"]
[BlackElo "1063"]
[Annotator "NA"]
[PlyCount "109"]
[EventDate "2018.12.30"]
[EventType "swiss"]
[EventCountry "IND"]
[SourceTitle "playchess.com"]
[Source "ChessBase"]
[SourceQuality "1"]
[TimeControl "40/5400+30:1800+30"]

1. d4 Nf6 2. c4 e6 3. Nc3 Bb4 4. Qc2 c6 5. a3 Bxc3+ 6. Qxc3 d5 7. Bg5 O-O 8. e3 Ne4 9. Bxd8 Nxc3 10. Bc7 Na6 11. Bf4 Ne4 12. Bd3 Nf6 13. h3 b6 14. b4 c5 15. b5 Nb8 16. dxc5 bxc5 17. Bd6 Rd8 18. Bxc5 dxc4 19. Bxc4 Bb7 20. Be7 Rc8 21. Bf1 Nbd7 22. Nf3 Re8 23. Bb4 Nd5 24. Bd2 Nc5 25. Bc4 Rec8 26. O-O a6 27. bxa6 Bxa6 28. Bxa6 Rxa6 29. Rfc1 Raa8 30. Rcb1 h6 31. Kf1 Ne4 32. Be1 Ra4 33. Nd4 Rca8 34. Nc2 R8a6 35. Nb4 Ndc3 36. Bxc3 Nxc3 37. Rb3 Ne4 38. Ke2 Ra8 39. f3 Nc5 40. Rc3 Nd7 41. Nd3 Kf8 42. Nb2 R4a5 43. a4 Nb6 44. Kf2 Ke8 45. Rc7 Nxa4 46. Nxa4 Rxa4 47. Rb1 Ra2+ 48. Kg3 R2a7 49. Rb8+ Rxb8 50. Rxa7 Rb5 51. f4 Kf8 52. Kf3 g5 53. Kg4 Kg7 54. g3 Rb3 55. Kf3 1/2-1/2

[Event "IIFL Wealth  4th Mumbai Junior U-13"]
[Site "Mumbai"]
[Date "2018.12.31"]
[Round "2"]
[White "Sawalakhe Jay"]
[Black "Laddha, Shubh Jayesh"]
[Result "1/2-1/2"]
[ECO "B78"]
[WhiteElo "1273"]
[BlackElo "1567"]
[Annotator "NA RC"]
[PlyCount "115"]
[EventDate "2018.12.30"]
[EventType "swiss"]
[EventCountry "IND"]
[SourceTitle "playchess.com"]
[Source "ChessBase"]
[SourceQuality "1"]
[TimeControl "40/5400+30:1800+30"]

1. e4 c5 2. Nf3 d6 3. d4 cxd4 4. Nxd4 Nf6 5. Nc3 g6 6. Be3 Bg7 7. f3 O-O 8. Bc4 Nc6 9. Qd2 Bd7 10. O-O-O Rc8 11. Bb3 Nxd4 12. Bxd4 b5 13. e5 dxe5 14. Bxe5 Bc6 15. Qxd8 Rfxd8 16. Rxd8+ Rxd8 17. Rd1 Bh6+ 18. Kb1 Rxd1+ 19. Nxd1 Nd7 20. Bd4 a5 21. Nc3 e5 22. Bf2 Nf6 23. a4 bxa4 24. Bxa4 Bb7 25. Bb6 Bf4 26. h3 e4 27. fxe4 Nxe4 28. Nxe4 Bxe4 29. g4 g5 30. Bd8 Bg2 31. h4 gxh4 32. Bxh4 h6 33. Bd8 Bh3 34. Bxa5 Bxg4 35. b4 h5 36. Bc6 h4 37. b5 Bb8 38. c4 Be2 39. c5 h3 40. b6 Bf1 41. Be1 f5 42. Bd5+ Kh7 43. c6 Bd3+ 44. Kc1 Be4 45. Bxe4 fxe4 46. c7 Bxc7 47. bxc7 h2 48. c8=Q h1=Q 49. Qd7+ Kg6 50. Qe8+ Kg7 51. Qe7+ Kg6 52. Qd6+ Kg7 53. Qg3+ Kf7 54. Qf2+ Qf3 55. Qxf3+ exf3 56. Bf2 Ke6 57. Kd2 Kf7 58. Bc5 1/2-1/2

[Event "IIFL Wealth  4th Mumbai Junior U-13"]
[Site "Mumbai"]
[Date "2018.12.31"]
[Round "2"]
[White "Keshav Padmanabhan"]
[Black "Sarvade Mihiir"]
[Result "1/2-1/2"]
[ECO "B26"]
[WhiteElo "1272"]
[BlackElo "1563"]
[Annotator "NA RC"]
[PlyCount "58"]
[EventDate "2018.12.30"]
[EventType "swiss"]
[EventCountry "IND"]
[SourceTitle "playchess.com"]
[Source "ChessBase"]
[SourceQuality "1"]
[TimeControl "40/5400+30:1800+30"]

1. e4 c5 2. Nc3 Nc6 3. g3 g6 4. Bg2 Bg7 5. d3 d6 6. Be3 e6 7. f4 Nge7 8. Nf3 Nd4 9. Rb1 b5 10. O-O Rb8 11. Ne2 Nec6 12. c3 Nxe2+ 13. Qxe2 Qa5 14. Qd2 b4 15. d4 Ba6 16. Rfd1 bxc3 17. bxc3 Rxb1 18. Rxb1 cxd4 19. Nxd4 Nxd4 20. Bxd4 O-O 21. Bxg7 Kxg7 22. Qd4+ Kg8 23. Qxd6 Qxa2 24. Rb8 Qa1+ 25. Kf2 Qa2+ 26. Kg1 Qa1+ 27. Kf2 Qa2+ 28. Kg1 Qa1+ 29. Kf2 Qa2+ 1/2-1/2

[Event "IIFL Wealth  4th Mumbai Junior U-13"]
[Site "Mumbai"]
[Date "2018.12.31"]
[Round "2"]
[White "Sushanth Kamabathula"]
[Black "Adireddy Tarun"]
[Result "1-0"]
[ECO "C54"]
[WhiteElo "1267"]
[BlackElo "1553"]
[Annotator "NA"]
[PlyCount "177"]
[EventDate "2018.12.30"]
[EventType "swiss"]
[EventCountry "IND"]
[SourceTitle "playchess.com"]
[Source "ChessBase"]
[SourceQuality "1"]
[TimeControl "40/5400+30:1800+30"]

1. e4 e5 2. Nf3 Nc6 3. Bc4 Bc5 4. c3 Nf6 5. d3 a6 6. O-O Ba7 7. Be3 O-O 8. Nbd2 d5 9. Bxa7 Rxa7 10. Bb3 Bg4 11. Qc2 Re8 12. Rfe1 Ra8 13. h3 Bh5 14. exd5 Nxd5 15. d4 Bg6 16. Qd1 Nf4 17. Nxe5 Nxe5 18. Rxe5 Rxe5 19. dxe5 Qg5 20. Qg4 Qxe5 21. Nc4 Qf6 22. Ne3 h5 23. Qf3 c6 24. Rd1 Re8 25. Rd4 Nd3 26. Qxf6 gxf6 27. Bc2 Nc1 28. Rd1 Bxc2 29. Rxc1 Be4 30. f3 Bxf3 31. gxf3 Rxe3 32. Kf2 Rd3 33. Rc2 Kg7 34. Re2 h4 35. c4 c5 36. b3 b5 37. cxb5 axb5 38. Rc2 Rd5 39. a4 bxa4 40. bxa4 Kg6 41. a5 Rd3 42. Rxc5 Ra3 43. Rb5 f5 44. Rb6+ Kg5 45. a6 Ra2+ 46. Ke3 Ra4 47. Rc6 Ra3+ 48. Kf2 Ra2+ 49. Ke3 Ra4 50. Rb6 Ra3+ 51. Kf2 Ra2+ 52. Ke3 f4+ 53. Kd3 Rf2 54. Rb5+ f5 55. Ra5 Rxf3+ 56. Ke2 Re3+ 57. Kf2 Re8 58. a7 Ra8 59. Kf3 Kf6 60. Kxf4 Kg6 61. Ra6+ Kg7 62. Kxf5 Kf7 63. Kg5 Kg7 64. Kxh4 Kh7 65. Kg5 Kg7 66. h4 Kh7 67. Kf6 Kh6 68. Ke7+ Kh5 69. Kd7 Kxh4 70. Kc7 Kg5 71. Kb7 Rh8 72. a8=Q Rxa8 73. Kxa8 Kf5 74. Kb7 Kg5 75. Kc7 Kf5 76. Kd7 Kg5 77. Ke7 Kf5 78. Re6 Kf4 79. Kf6 Kg4 80. Re4+ Kf3 81. Kf5 Kg3 82. Re3+ Kf2 83. Kf4 Kg2 84. Re2+ Kg1 85. Ke3 Kh1 86. Kf3 Kg1 87. Re1+ Kh2 88. Ra1 Kh3 89. Rh1# 1-0

[Event "IIFL Wealth  4th Mumbai Junior U-13"]
[Site "Mumbai"]
[Date "2018.12.31"]
[Round "2"]
[White "Rout Yashita"]
[Black "Mahi Amit Doshi"]
[Result "1-0"]
[ECO "B18"]
[WhiteElo "1264"]
[BlackElo "1551"]
[Annotator "NA"]
[PlyCount "125"]
[EventDate "2018.12.30"]
[EventType "swiss"]
[EventCountry "IND"]
[SourceTitle "playchess.com"]
[Source "ChessBase"]
[SourceQuality "1"]
[TimeControl "40/5400+30:1800+30"]

1. e4 c6 2. d4 d5 3. Nc3 dxe4 4. Nxe4 Bf5 5. Ng3 Bg6 6. h4 h6 7. Nf3 Nf6 8. h5 Bh7 9. Bd3 Bxd3 10. Qxd3 e6 11. Bd2 c5 12. c3 Nc6 13. Be3 cxd4 14. cxd4 Bb4+ 15. Bd2 Bxd2+ 16. Qxd2 O-O 17. O-O-O Rc8 18. Kb1 Qb6 19. Ka1 Rfd8 20. Qf4 Nb4 21. Rd2 Qc6 22. Ne2 Nfd5 23. Qe4 f5 24. Qe5 Qa6 25. a3 Nd3 26. Rxd3 Qxd3 27. Qxe6+ Kh8 28. Ne5 Qa6 29. Nf7+ Kh7 30. Qxf5+ Kg8 31. Nxd8 Rxd8 32. Nf4 Nxf4 33. Qxf4 Qd3 34. Re1 Rxd4 35. Qb8+ Rd8 36. Qxb7 Qd2 37. Qb3+ Kh7 38. Qe3 Qxe3 39. Rxe3 Kg8 40. g4 Kf7 41. Ka2 Rd2 42. f3 Rd4 43. Kb3 Kf6 44. Kc3 Rf4 45. Kd3 Ra4 46. Re4 Ra5 47. f4 Rb5 48. b4 Rb6 49. a4 Rc6 50. Rc4 Rd6+ 51. Rd4 Rc6 52. b5 Rc1 53. Rd6+ Ke7 54. Ra6 Rd1+ 55. Ke4 Rd7 56. Kf5 Kf7 57. g5 hxg5 58. Kxg5 Rd5+ 59. f5 Rd7 60. a5 Rb7 61. b6 axb6 62. axb6 Ke7 63. Ra7 1-0

[Event "IIFL Wealth  4th Mumbai Junior U-13"]
[Site "Mumbai"]
[Date "2018.12.31"]
[Round "2"]
[White "Haldankar Dhruv"]
[Black "Jain Adi"]
[Result "0-1"]
[ECO "C55"]
[WhiteElo "1245"]
[BlackElo "1545"]
[Annotator "NA"]
[PlyCount "138"]
[EventDate "2018.12.30"]
[EventType "swiss"]
[EventCountry "IND"]
[SourceTitle "playchess.com"]
[Source "ChessBase"]
[SourceQuality "1"]
[TimeControl "40/5400+30:1800+30"]

1. e4 e5 2. Nf3 Nc6 3. Bc4 Nf6 4. d3 Be7 5. h3 O-O 6. O-O d6 7. c3 Na5 8. Bb5 c6 9. Ba4 b5 10. Bc2 Re8 11. Re1 h6 12. Nbd2 Bf8 13. Nf1 g6 14. d4 Bb7 15. Ng3 Bg7 16. b3 exd4 17. cxd4 c5 18. Bb2 Nc6 19. d5 Nb4 20. a3 Nxc2 21. Qxc2 Rc8 22. Rac1 Nd7 23. Bxg7 Kxg7 24. Qb2+ Qf6 25. Qxf6+ Nxf6 26. Nd2 h5 27. f3 Nd7 28. f4 Nf6 29. Nf3 Re7 30. Re2 Rce8 31. Rce1 a5 32. Kf2 b4 33. axb4 axb4 34. Re3 Ba6 35. f5 g5 36. e5 dxe5 37. Rxe5 Rxe5 38. Rxe5 Rxe5 39. Nxe5 h4 40. Nf1 Nxd5 41. Nd2 Nb6 42. Ne4 c4 43. f6+ Kg8 44. Nc5 cxb3 45. Nxb3 Bc4 46. Nxc4 Nxc4 47. Kf3 Kh7 48. Ke4 Kg6 49. Kd4 Nd6 50. Kc5 Nf5 51. Kxb4 Ne3 52. Kc3 Nxg2 53. Kd2 g4 54. Ke2 Nf4+ 55. Kf2 g3+ 56. Kf3 Nxh3 57. Nd2 Ng5+ 58. Kg2 Kxf6 59. Nf1 Kf5 60. Ne3+ Ke4 61. Ng4 Kf4 62. Nf6 h3+ 63. Kg1 Kf3 64. Ng4 Kxg4 65. Kh1 Kf3 66. Kg1 Ne4 67. Kh1 Nf2+ 68. Kg1 h2+ 69. Kf1 h1=Q# 0-1

[Event "IIFL Wealth  4th Mumbai Junior U-13"]
[Site "Mumbai"]
[Date "2018.12.31"]
[Round "2"]
[White "Kinkhabwala Hrithik"]
[Black "Kshatriya Nitin Vekhande"]
[Result "1/2-1/2"]
[ECO "B22"]
[WhiteElo "1244"]
[BlackElo "1544"]
[Annotator "NA"]
[PlyCount "110"]
[EventDate "2018.12.30"]
[EventType "swiss"]
[EventCountry "IND"]
[SourceTitle "playchess.com"]
[Source "ChessBase"]
[SourceQuality "1"]
[TimeControl "40/5400+30:1800+30"]

1. e4 c5 2. c3 d5 3. exd5 Qxd5 4. d4 Nf6 5. Nf3 e6 6. Na3 Nc6 7. Bc4 Qd8 8. O-O cxd4 9. Nb5 a6 10. Nbxd4 Nxd4 11. Nxd4 Be7 12. Qf3 O-O 13. Rd1 Qc7 14. Bb3 Bd6 15. h3 e5 16. Nc2 e4 17. Qe2 b6 18. Bg5 Bf5 19. Bxf6 gxf6 20. Ne3 Bg6 21. Nd5 Qd8 22. Qe3 Bc5 23. Qh6 Kh8 24. h4 Rg8 25. Kf1 f5 26. Nf4 Qf6 27. Rd7 Bf8 28. Qg5 Qxg5 29. hxg5 Bc5 30. Bxf7 Bxf7 31. Rxf7 Rxg5 32. Ne6 Rh5 33. Ke2 Rc8 34. Nxc5 Rxc5 35. Rd1 Rc8 36. Rb7 Rh6 37. Rd5 Rf6 38. Ra7 b5 39. Rdd7 Rh6 40. Ke3 Rh2 41. Rf7 Rxg2 42. Rxh7+ Kg8 43. Rhd7 f4+ 44. Kxf4 Rxf2+ 45. Kxe4 Rxb2 46. Rxa6 b4 47. cxb4 Rxb4+ 48. Kd5 Rb1 49. Raa7 Rd1+ 50. Ke4 Re8+ 51. Kf3 Rc1 52. Re7 Rc3+ 53. Kf2 Rc2+ 54. Ke1 Rxe7+ 55. Rxe7 Rxa2 1/2-1/2

[Event "IIFL Wealth  4th Mumbai Junior U-13"]
[Site "Mumbai"]
[Date "2018.12.31"]
[Round "2"]
[White "Shah Vrisha Parag"]
[Black "Dhanvij Ansh"]
[Result "0-1"]
[ECO "B90"]
[WhiteElo "1240"]
[BlackElo "1523"]
[Annotator "NA RC"]
[PlyCount "80"]
[EventDate "2018.12.30"]
[EventType "swiss"]
[EventCountry "IND"]
[SourceTitle "playchess.com"]
[Source "ChessBase"]
[SourceQuality "1"]
[TimeControl "40/5400+30:1800+30"]

1. e4 c5 2. Nf3 d6 3. d4 cxd4 4. Nxd4 Nf6 5. Nc3 a6 6. Be3 Qc7 7. Be2 b5 8. Bf3 Bb7 9. a4 bxa4 10. Rxa4 e6 11. Qe2 Nbd7 12. Rc4 Qb8 13. Na4 Ne5 14. Rc3 d5 15. O-O dxe4 16. Bh5 g6 17. Bg5 Nxh5 18. g4 h6 19. Be3 Nf6 20. h3 Be7 21. Nb6 Nd5 22. Nxd5 Bxd5 23. Bf4 Bd6 24. Bxe5 Bxe5 25. Nc6 Qxb2 26. Rc5 Bd6 27. Rxd5 exd5 28. Rd1 Qb5 29. c4 Qxc6 30. Rxd5 O-O 31. Qe3 Kh7 32. h4 Rad8 33. h5 Qxc4 34. hxg6+ fxg6 35. Ra5 Rb8 36. Qe1 Qd3 37. Ra1 Qh3 38. Qxe4 Bh2+ 39. Kh1 Bg3+ 40. Kg1 Bxf2# 0-1

[Event "IIFL Wealth  4th Mumbai Junior U-13"]
[Site "Mumbai"]
[Date "2018.12.31"]
[Round "2"]
[White "Ananya Parikh"]
[Black "Abhinav Dubey"]
[Result "1-0"]
[ECO "B20"]
[WhiteElo "1235"]
[BlackElo "1497"]
[Annotator "NA"]
[PlyCount "127"]
[EventDate "2018.12.30"]
[EventType "swiss"]
[EventCountry "IND"]
[SourceTitle "playchess.com"]
[Source "ChessBase"]
[SourceQuality "1"]
[TimeControl "40/5400+30:1800+30"]

1. e4 c5 2. Ne2 Nf6 3. Nbc3 d5 4. exd5 Nxd5 5. Nxd5 Qxd5 6. d4 cxd4 7. Qxd4 Qxd4 8. Nxd4 Bd7 9. Bf4 Nc6 10. Nb5 Rc8 11. O-O-O g6 12. g3 Bg7 13. Nc7+ Kd8 14. Bh3 Nd4 15. Bxd7 Kxd7 16. Rhe1 Rxc7 17. Bxc7 Kxc7 18. Rxe7+ Kb6 19. Rxf7 Bh6+ 20. Kb1 Re8 21. c3 Nc6 22. Rxh7 Bg5 23. f4 Bd8 24. Rd6 g5 25. Rdd7 Be7 26. fxg5 Bxg5 27. Rxb7+ Ka6 28. b4 Re1+ 29. Kb2 Re2+ 30. Kb3 Re5 31. Rhc7 Bd8 32. Rd7 Ba5 33. a4 Bxb4 34. cxb4 Re3+ 35. Kc2 Nd4+ 36. Kd2 Re6 37. Rxa7+ Kb6 38. a5+ Kb5 39. Rxd4 Rh6 40. Rb7+ Ka4 41. h4 Rg6 42. g4 Rf6 43. g5 Rf2+ 44. Kc3 Rf3+ 45. Rd3 Rf4 46. a6 Rc4+ 47. Kd2 Rc2+ 48. Ke3 Re2+ 49. Kd4 Re4+ 50. Kc5 Rc4+ 51. Kd6 Rc6+ 52. Kd7 Rc3 53. a7 Rxd3+ 54. Kc8 Rc3+ 55. Kb8 Ra3 56. a8=Q+ Kb3 57. Qxa3+ Kxa3 58. Ra7+ Kxb4 59. Rc7 Ka5 60. g6 Kb4 61. g7 Ka3 62. g8=Q Kb2 63. Qg6 Ka1 64. Qb6 1-0